 Dungeon Crawl Stone Soup version 0.28.0-1-gb440e238dd (webtiles) character file.

Game seed: 14475475169516038334

70 Snarg the Stinger (level 3, 0/26 HPs)
             Began as a Demigod Wanderer on Feb 21, 2022.
             Succumbed to an adder's poison
             ... on level 2 of the Dungeon.
             The game lasted 00:07:33 (1987 turns).

Snarg the Stinger (Demigod Wanderer)                Turns: 1987, Time: 00:07:34

Health: 0/26       AC:  3    Str: 11    XL:     3   Next: 76%
Magic:  7/7        EV: 11    Int: 18    God:
Gold:   124        SH:  0    Dex: 15    Spells: 1/4 levels left

rFire   + . .      SeeInvis .   a - +0 dagger
rCold   . . .      Faith    .   (no shield)
rNeg    . . .      Spirit   .   m - +0 leather armour
rPois   .          Reflect  .   (no helmet)
rElec   .          Harm     .   (no cloak)
rCorr   .          Rampage  .   (no gloves)
Will    .....                   (no boots)
Stlth   ++........              (no amulet)
HPRegen 0.08/turn               o - ring of protection from fire
MPRegen 0.10/turn               (no ring)

@: lethally poisoned (0 -> -2)
A: high MP 1, forlorn, divine attributes
a: no special abilities


You were on level 2 of the Dungeon.
You visited 1 branch of the dungeon, and saw 2 of its levels.

You collected 124 gold pieces.

Inventory:

Hand Weapons
 a - a +0 dagger (weapon)
 f - a +0 short sword
 n - a +0 rapier
Missiles
 e - 78 stones (quivered)
Armour
 m - a +0 leather armour (worn)
 p - a +0 robe
Magical Staves
 b - a staff of conjuration
Jewellery
 o - a ring of protection from fire (left hand)
Wands
 c - a wand of polymorph (3)
Scrolls
 d - 2 scrolls of noise
 g - a scroll of identify
 h - a scroll of vulnerability {unknown}


   Skills:
 + Level 0.2 Fighting
 - Level 2.0 Throwing
 + Level 0.4 Armour
 + Level 0.3 Dodging
 + Level 1.4 Stealth
 + Level 1.4 Spellcasting
 - Level 1.7 Necromancy
 * Level 1.5 Transmutations
 * Level 0.4 Air Magic
 * Level 3.1 Poison Magic
 - Level 1.0 Evocations


You had one spell level left.
You knew the following spells:

 Your Spells              Type           Power      Damage    Failure   Level
a - Sting                 Tmut/Pois      36%        1d4       10%         1
b - Poisonous Vapours     Pois/Air       14%        N/A       19%         2

Your spell library contained the following spells:

 Spells                   Type           Power      Damage    Failure   Level
 Pain                     Necr           28%        1d5       12%         1
 Corpse Rot               Necr/Air       10%        N/A       24%         2
 Vampiric Draining        Necr           7%         2d6       36%         3
 Olgreb's Toxic Radiance  Pois           12%        N/A       56%         4


Dungeon Overview and Level Annotations

Branches:
Dungeon (2/15)

Annotations:
D:1 clr


Innate Abilities, Weirdness & Mutations

You have an increased reservoir of magic. (+10% MP)
You shall have no god before yourself.
Your divine heritage dramatically boosts your attributes as you level up.


Message History

Aim: an adder (moderately wounded, poisoned, 48% to hit)
The sting hits the adder.
The adder looks even sicker.
The adder is severely wounded.
You feel sick. The adder bites you.
You are more poisoned.
The adder poisons you!
You miss the adder.
The adder is severely wounded.
You feel sick. The adder bites you.
* * * LOW HITPOINT WARNING * * *
The adder closely misses you.
* * * LOW HITPOINT WARNING * * *
You feel sick.
You kill the adder!
Unknown command.
It was a potion of brilliance.
You feel clever all of a sudden.
* * * LOW HITPOINT WARNING * * *
You feel sick.
It was a potion of magic.
Magic courses through your body.
* * * LOW HITPOINT WARNING * * *
You feel sick.
Unknown command.
Unknown command.
It was a potion of resistance.
You feel protected.
* * * LOW HITPOINT WARNING * * *
You feel sick.
Unknown command.
Unknown command.
It was a potion of cancellation.
Your magical effects are unravelling.
You feel magically purged.
You feel a little less clever now.
Your resistance to elements expires.
* * * LOW HITPOINT WARNING * * *
You feel sick.
As you read the scroll labelled XEYTAR URHANIEFI, it crumbles to dust.
It is a scroll of identify.
d - 2 scrolls of noise You die...

... .... ####..... #......#
###########.##†.#
................#
.######.##.####.# ##..##..#
#.# # #@.###..# #.# ###
############.####..# #.# #..
..........##.##....###.## #.#
?.........#..##.##..##..###.#
.........?..###.##..........#
.......>..#####.##..###.#####
S......!..####..##..###...##
..>...................###..#
...g.......###......#...##.#


There were no monsters in sight!

Vanquished Creatures
  3 adders (D:2)
  A dart slug (D:1)
  5 endoplasms
  4 giant cockroaches
  5 hobgoblins
  6 kobolds
  4 ball pythons (D:1)
  6 bats
  5 frilled lizards
  3 rats (D:1)
42 creatures vanquished.

Notes
Turn   | Place    | Note
-------+----------+-------------------------------------------
     0 | D:1      | Snarg the Demigod Wanderer began the quest for the Orb.
     0 | D:1      | Snarg set off with the following items: a +0 dagger, a +0
                  | robe, a wand of polymorph (3); and the following spells
                  | available to memorise: Pain, Sting, Poisonous Vapours,
                  | Vampiric Draining, Olgreb's Toxic Radiance
     0 | D:1      | Reached XP level 1. HP: 14/14 MP: 4/4
     2 | D:1      | Learned a level 1 spell: Sting
   180 | D:1      | Reached skill level 3 in Poison Magic
   329 | D:1      | Reached XP level 2. HP: 20/20 MP: 6/6
   425 | D:1      | Reached skill level 1 in Transmutations
  1548 | D:2      | Reached XP level 3. HP: 26/26 MP: 3/7
  1595 | D:2      | Learned a level 2 spell: Poisonous Vapours
  1986 | D:2      | HP: 1/26 [poisoned by an adder]
  1987 | D:2      | Succumbed to an adder's poison

Illustrated notes

Levels and vault maps discovered:
D:1:      lightli_arrival_lavapool, layout_loops_ring,
          dreamdust_ecumenical_altar_grove, st_stairs_13,
          grunt_decor_resistance, minmay_misc_feat_secret_circle,
          minmay_misc_feat_square, nicolae_concentric_dashed_squares_wild,
          minmay_tetromino_i4
D:2:      layout_rooms

Skill      XL: |  1  2 |
---------------+-------+-----
Poison Magic   | 3 |  3.1
Throwing       | 2 |  2.0
Transmutations | 1 |  1.5
Fighting       | |  0.2
Armour         | |  0.4
Dodging        | |  0.3
Stealth        | |  1.4
Spellcasting   | |  1.4
Necromancy     | |  1.7
Air Magic      | |  0.4
Evocations     | |  1.0

Action                   || total
-------------------------++-------
Melee: Dagger            ||    53
       Staff             ||     1
Throw: Stone             ||    28
 Cast: Sting             ||    40
       Poisonous Vapours ||     7
  Use: Potion            ||     4
       Scroll            ||     1
 Stab: Sleeping          ||     4
Armor: Robe              ||     5
       Leather armour    ||     6
Dodge: Dodged            ||    49
